 Dungeon Crawl Stone Soup version 0.30.1-11-g7821555f0a (webtiles) character file.

Game seed: 11026826687193360413

28521 Jaenfiosewa the Severer (level 13, -4/119 HPs)
             Began as a Minotaur Berserker on Dec 12, 2023.
             Was a High Priest of Trog.
             Slain by a polar bear (19 damage)
             ... on level 2 of the Lair of Beasts on Dec 13, 2023.
             The game lasted 01:58:23 (13869 turns).

Jaenfiosewa the Severer (Minotaur Berserker)       Turns: 13869, Time: 01:58:23

Health: -4/119     AC: 16    Str: 27    XL:     13   Next: 10%
Magic:  0/12       EV: 14    Int:  4    God:    Trog [*****.]
Gold:   1379       SH:  9    Dex: 10    Spells: 12/12 levels left

rFire   . . .        a - +0 war axe
rCold   . . .        x - +0 kite shield
rNeg    . . .        c - +0 plate armour
rPois   .            W - +1 hat
rElec   .            (no cloak)
rCorr   +            (no gloves)
SInv    .            (no boots)
Will    .....        j - amulet of guardian spirit Stlth
                     k - +5 ring of evasion
HPRegen 0.39/turn    l - ring of resist corrosion
MPRegen 0.13/turn

%: guardian spirit
@: on berserk cooldown, slowed, very slow
A: horns 2, retaliatory headbutt
a: Renounce Religion, Berserk, Trog's Hand, Brothers in Arms


You were on level 2 of the Lair of Beasts.
You worshipped Trog.
Trog was extremely pleased with you.
You visited 3 branches of the dungeon, and saw 14 of its levels.

You collected 1379 gold pieces.

Inventory:

Hand Weapons
 a - a +0 war axe (weapon)
 b - the +0 mace "Naqiwepn" {pain, rPois Will+}
   (You found it on level 7 of the Dungeon)

   rPois:     It protects you from poison.
   Will:      It increases your willpower.
   Trog disapproves of the use of such an item.
Missiles
 v - 14 boomerangs (quivered)
 B - a throwing net
Armour
 c - a +0 plate armour (worn)
 o - a +1 ring mail of fire resistance
 x - a +0 kite shield (worn)
 O - +2 acid dragon scales
 U - a +0 robe of positive energy
 W - a +1 hat (worn)
Jewellery
 j - an amulet of guardian spirit (around neck)
 k - a +5 ring of evasion (left hand)
 l - a ring of resist corrosion (right hand)
 y - a ring of fire
 A - a +5 ring of evasion
 J - an amulet of regeneration
 K - a ring of poison resistance
Wands
 w - a wand of paralysis (14)
 F - a wand of quicksilver (4)
 L - a wand of polymorph (14)
 T - a wand of iceblast (15)
 X - a wand of mindburst (14)
 Y - a wand of flame (3)
Scrolls
 d - 5 scrolls of identify
 g - 6 scrolls of teleportation
 n - 2 scrolls of fear
 q - a scroll of noise
 s - 4 scrolls of fog
 t - 5 scrolls of poison
 z - 3 scrolls of silence {unknown}
 D - a scroll of summoning
 E - a scroll of acquirement
 H - 3 scrolls of vulnerability {unknown}
 R - 2 scrolls of brand weapon {unknown}
 V - 2 scrolls of enchant weapon
 Z - 2 scrolls of immolation {unknown}
Potions
 e - 3 potions of attraction
 h - a potion of haste
 i - 4 potions of curing
 p - 2 potions of mutation
 r - 4 potions of flight
 u - a potion of ambrosia
 C - a potion of brilliance
 G - 2 potions of lignification
 I - 3 potions of heal wounds {unknown}
 M - 3 potions of might
 N - a potion of cancellation
 P - a potion of resistance
 S - 2 potions of degeneration {unknown}


   Skills:
 + Level 12.9 Fighting
 + Level 17.3 Axes
 + Level 1.4 Throwing
 + Level 12.7 Armour
 + Level 6.3 Dodging
 + Level 3.3 Stealth
 + Level 6.6 Shields


You had 12 spell levels left.
You didn't know any spells.
Your spell library was empty.

Dungeon Overview and Level Annotations

Branches:
Dungeon (11/15)            Temple (1/1) D:7            Lair (2/5) D:9
 Shoals (0/4) Lair:2          Orc (0/2) D:11
  Snake: Lair:2-3    Spider: Lair:2-3

Altars:
Ashenzari
Cheibriados
Dithmenos
Elyvilon
Fedhas
Gozag
Hepliaklqana
Kikubaaqudgha
Makhleb
Nemelex Xobeh
Okawaru
Qazlal
Ru
Sif Muna
Trog
Uskayaw
Vehumet
Wu Jian
Xom
Yredelemnul
Zin
The Shining One

Shops:
D:5 (

Portals:
Trove: D:11 (give +4 shadow dragon scales)

Annotations:
Lair:2 Amaemon


Innate Abilities, Weirdness & Mutations

You have a pair of horns on your head.
You reflexively headbutt those who attack you in melee.


Message History

The polar bear bites you! The polar bear misses you.
The polar bear closely misses you.
The polar bear goes berserk!
You hit the polar bear but do no damage.
The polar bear is severely wounded.
Amaemon casts a spell.
You block the polar bear's attack.
The polar bear claws you but does no damage.
The polar bear barely misses you.
You hit the polar bear but do no damage.
You headbutt the polar bear!
The polar bear is almost dead.
The polar bear bites you! You block the polar bear's attack. x2
The polar bear bites you!
* * * LOW HITPOINT WARNING * * *
The polar bear claws you but does no damage.
The polar bear closely misses you.
The polar bear attacks as you move away!
The polar bear bites you but does no damage.
The polar bear barely misses you. The polar bear closely misses you.
The scorpion stings you but does no damage.
The polar bear misses you.
The polar bear claws you but does no damage. x2
You see here 6 stones.
You closely miss the scorpion.
You headbutt the scorpion, but do no damage.
You slash the polar bear! You block the polar bear's attack.
The polar bear barely misses you.
The polar bear claws you but does no damage.
An orange demon comes into view.
Amaemon drinks a potion.
Amaemon suddenly seems more resistant.
The scorpion stings you but does no damage.
The polar bear bites you!
* * * LOW HITPOINT WARNING * * *
The polar bear closely misses you. The polar bear barely misses you.
The scorpion barely misses you.
You slash the scorpion! Your headbutt misses the scorpion.
The scorpion is heavily wounded.
You barely miss the polar bear. You hit the scorpion but do no damage.
The polar bear bites you!!
You die...

......^.#####...........
........)...#~#~#..........
..~~~~~b~~~~~~~~###.#.##P#.
~~~~~~~~~~~~~~~~~~~##### #
~≈≈≈~~≈~~~~~~~~~~~~~~~~#
~~~4~.s.b...~..~~~~~~~~~~~
................~≈~≈≈≈≈~~~
.......6sss.......~~~~≈≈~~
....8$([)h@.8.........~≈≈≈
##########################


You could see Amaemon (resistant), an orange demon, a polar bear (berserk) and 4
scorpions.

Vanquished Creatures
  Erolcha (D:9)
  A centaur warrior (D:11)
  3 boulder beetles
  3 two-headed ogres
  2 death yaks (Lair:2)
  A cyclops (D:11)
  A manticore (D:11)
  4 elephants (Lair:2)
  A gargoyle (D:11)
  Maggie (D:7)
  8 cane toads
  3 rime drakes (Lair:2)
  2 kobold demonologists (D:10)
  An ice devil (Lair:2)
  2 komodo dragons
  2 trolls
  7 polar bears
  Prince Ribbit (D:9)
  2 shadows
  32 yaks
  Edmund (D:3)
  2 water moccasins (D:9)
  7 black bears
  3 ice beasts
  6 orc warriors
  A sky beast (D:6)
  12 ogres
  The ghost of Tamtam the Trooper, an amateur DsHs (D:4)
  6 wolves
  8 centaurs
  2 phantoms
  3 kobold brigands
  11 bullfrogs
  A gnoll sergeant (D:5)
  8 scorpions
  15 wights
  7 killer bees (D:9)
  3 howler monkeys
  6 hounds
  A gnoll bouda (D:5)
  10 orc priests
  3 jellies
  2 iguanas
  4 orc wizards
  A wolf simulacrum (Lair:2)
  A bullfrog simulacrum (D:4)
  12 adders
  12 gnolls
  4 hound simulacra (D:4)
  2 shadow imps
  3 white imps
  2 ufetubi
  2 dart slugs
  36 orcs
  2 bats
  9 endoplasms
  5 giant cockroaches
  13 goblins
  7 hobgoblins
  5 quokkas
  13 ball pythons
  4 frilled lizards
  A jackal simulacrum (D:4)
  22 kobolds
  4 rats
361 creatures vanquished.

Vanquished Creatures (collateral kills)
  Lodul (D:11)
  A centaur (D:9)
  An orc wizard (D:9)
  2 orcs (D:9)
5 creatures vanquished.

Grand Total: 366 creatures vanquished

Notes
Turn   | Place    | Note
-------+----------+-------------------------------------------
     0 | D:1      | Jaenfiosewa the Minotaur Berserker began the quest for the
                  | Orb.
     0 | D:1      | Reached XP level 1. HP: 19/19 MP: 0/0
   295 | D:1      | Reached skill level 4 in Axes
   295 | D:1      | Reached XP level 2. HP: 24/27 MP: 1/1
   459 | D:1      | You fall into a shaft and drop 1 floor!
   459 | D:2      | Found a basalt altar of Yredelemnul.
  1129 | D:2      | Reached XP level 3. HP: 26/34 MP: 2/2
  1347 | D:2      | Reached ** piety under Trog
  1812 | D:3      | Reached skill level 5 in Axes
  1819 | D:3      | Reached XP level 4. HP: 31/41 MP: 3/3
  2011 | D:3      | Found a burning altar of Makhleb.
  2111 | D:3      | Reached XP level 5. HP: 47/47 MP: 4/4
  2624 | D:4      | Found a runed translucent gate.
  2624 | D:4      | Found a runed translucent gate.
  2624 | D:4      | Found a runed translucent gate.
  2706 | D:4      | Noticed Edmund
  3036 | D:3      | Killed Edmund
  3037 | D:3      | Reached skill level 5 in Fighting
  3037 | D:3      | Reached skill level 6 in Axes
  3037 | D:3      | Reached skill level 1 in Stealth
  3037 | D:3      | Reached XP level 6. HP: 56/56 MP: 5/5
  3116 | D:4      | Noticed an ice beast
  3273 | D:4      | Reached XP level 7. HP: 58/61 MP: 6/6
  3400 | D:4      | Reached skill level 7 in Axes
  3460 | D:4      | Reached skill level 1 in Throwing
  3464 | D:4      | Reached *** piety under Trog
  3738 | D:4      | Noticed Tamtam's ghost (amateur DsHs)
  4074 | D:4      | Killed Tamtam's ghost
  4075 | D:4      | Reached skill level 8 in Axes
  4236 | D:5      | Entered Level 5 of the Dungeon
  4242 | D:4      | Reached XP level 8. HP: 70/70 MP: 7/7
  4270 | D:5      | Reached skill level 5 in Armour
  4378 | D:5      | Reached skill level 9 in Axes
  4556 | D:5      | Found a glowing drain.
  4643 | D:5      | Noticed a +0 demon blade
  4643 | D:5      | Noticed a +0 quick blade
  4644 | D:5      | Found Qaum's Weapon Shoppe.
  5125 | D:6      | Reached skill level 10 in Axes
  5135 | D:6      | Reached skill level 5 in Dodging
  5185 | D:6      | Reached XP level 9. HP: 69/78 MP: 8/8
  5391 | D:6      | Reached **** piety under Trog
  5678 | D:7      | Found a glowing silver altar of Zin.
  5850 | D:7      | Found a staircase to the Ecumenical Temple.
  5861 | D:7      | Reached skill level 11 in Axes
  5882 | D:7      | Noticed Maggie
  5892 | D:7      | Killed Maggie
  5893 | D:7      | Reached skill level 1 in Shields
  6379 | D:7      | Found an ancient bone altar of Kikubaaqudgha.
  6634 | D:7      | Found an opulent altar of Gozag.
  6733 | D:7      | Identified the +0 mace "Naqiwepn" {pain, rPois Will+}
  6857 | Temple   | Entered the Ecumenical Temple
  7448 | D:8      | Reached skill level 12 in Axes
  7747 | D:9      | Noticed a komodo dragon
  7768 | D:9      | Killed a komodo dragon
  7775 | D:9      | Reached XP level 10. HP: 40/88 MP: 4/9
  7992 | D:9      | Noticed a boulder beetle
  8015 | D:9      | Killed a boulder beetle
  8016 | D:9      | Reached skill level 13 in Axes
  8082 | D:9      | Noticed Erolcha
  8088 | D:9      | Killed Erolcha
  8218 | D:9      | Found a staircase to the Lair.
  8260 | D:9      | Reached skill level 14 in Axes
  8380 | D:9      | Noticed Prince Ribbit
  8393 | D:9      | Killed Prince Ribbit
  8470 | D:9      | Reached XP level 11. HP: 96/98 MP: 8/10
  8507 | D:9      | Noticed a two-headed ogre
  8517 | D:9      | Killed a two-headed ogre
  9032 | D:10     | Entered Level 10 of the Dungeon
  9108 | D:10     | Reached skill level 15 in Axes
  9156 | D:10     | Reached skill level 10 in Fighting
  9222 | D:10     | Reached ***** piety under Trog
  9675 | D:10     | Found an iron altar of Okawaru.
 10099 | D:11     | Noticed Lodul
 10099 | D:11     | Noticed a two-headed ogre
 10116 | D:10     | Killed a two-headed ogre
 10117 | D:10     | Reached skill level 16 in Axes
 10310 | D:11     | Reached skill level 10 in Armour
 10310 | D:11     | Killed Lodul
 10715 | D:11     | Noticed a two-headed ogre
 10728 | D:11     | Killed a two-headed ogre
 10874 | D:11     | Found a staircase to the Orcish Mines.
 11004 | D:11     | Reached XP level 12. HP: 49/110 MP: 6/11
 11079 | D:11     | Noticed a centaur warrior
 11087 | D:11     | Killed a centaur warrior
 11424 | D:11     | Found a portal to a secret trove of treasure.
 11980 | Lair:1   | Entered Level 1 of the Lair of Beasts
 12465 | Lair:1   | Noticed a boulder beetle
 12476 | Lair:1   | Killed a boulder beetle
 12570 | Lair:1   | Noticed a boulder beetle
 12594 | Lair:1   | Killed a boulder beetle
 12607 | Lair:1   | Reached skill level 5 in Shields
 13124 | Lair:1   | Identified a scroll of acquirement
 13156 | Lair:2   | Noticed a death yak
 13169 | Lair:2   | Reached skill level 17 in Axes
 13174 | Lair:2   | Killed a death yak
 13461 | Lair:2   | Found a staircase to the Shoals.
 13575 | Lair:2   | Noticed a death yak
 13600 | Lair:2   | Killed a death yak
 13602 | Lair:2   | Reached XP level 13. HP: 35/119 MP: 2/12
 13860 | Lair:2   | Noticed Amaemon
 13869 | Lair:2   | Slain by a polar bear

Illustrated notes

Levels and vault maps discovered:
D:1:      mrwooster_arrival_statue_3, layout_basic
D:2:      layout_rooms, basic_altar
D:3:      layout_basic, lemuel_tele_altar, cheibrodos_gnoll_hut
D:4:      minmay_thick_lines, layout_loops_ring, gammafunk_ghost_icy,
          uniq_edmund
D:5:      layout_rooms, serial_shops, nicolae_shop_mannequins,
          gup_sewer_entry_glass
D:6:      layout_cave_pools
D:7:      layout_loops_ring, kiku_gazebo_pond_becter, amcnicky_altar_gilded,
          zin_academy, minmay_temple_entry_stoned_glass, minivault_10,
          amcnicky_mini_pool_medium, uniq_maggie
D:8:      layout_loops_ring
D:9:      layout_long_grid, due_lair_maze_entry_diamond, enter_bailey_3,
          uniq_erolcha, uniq_prince_ribbit1
D:10:     layout_roguey, okawaru_altar_gauntlet_db
D:11:     layout_gridville, david_orc_2, gauntlet_entry_generic,
          nicolae_trove_entry_columns, uniq_lodul
Temple:   minmay_crystal_spiral_temple
Lair:1:   layout_gridlike, chequers_serial_rivers_room_a,
          cheibrodos_lair_lostbears
Lair:2:   dreamdust_isle_of_ice, layout_layer_cave,
          minmay_shoals_entry_centaurs, gammafunk_ghost_hydra_chop,
          grunt_forest_large_clearings, lemuel_fruit_fields, uniq_amaemon

Skill      XL: |  1  2  3  4  5  6  7  8  9 10 11 12 |
---------------+-------------------------------------+-----
Axes           | 4 5 6 8 10 12 14 16 17 | 17.3
Fighting       | 4 5 6 8 9 11 12 | 12.9
Dodging        | 3 4 5 6 |  6.3
Armour         | 3 4 6 7 8 10 12 | 12.7
Stealth        | 1 2 3 |  3.3
Throwing       | 1 |  1.4
Shields        | 1 2 3 6 |  6.6

Action                     |  1- 3 |  4- 6 |  7- 9 | 10-12 | 13-15 || total
---------------------------+-------+-------+-------+-------+-------++-------
  Melee: Hand axe          |    85 |    78 |    34 |       |       ||   197
         Headbutt          |     9 |    13 |    45 |   138 |    15 ||   220
         War axe           |       |       |   202 |   512 |    41 ||   755
         Punch             |       |       |     1 |       |       ||     1
  Throw: Stone             |     8 |     4 |       |       |       ||    12
         Boomerang         |       |       |       |     6 |       ||     6
 Invoke: Berserk           |     2 |     3 |     7 |    14 |     1 ||    27
         Brothers in Arms  |       |       |       |     2 |       ||     2
         Trog's Hand       |       |       |       |     1 |       ||     1
  Evoke: Wand              |       |       |       |     1 |       ||     1
    Use: Scroll            |     1 |     3 |     6 |     8 |       ||    18
         Potion            |     1 |     2 |     2 |     2 |       ||     7
   Stab: Distracted        |       |       |       |     1 |       ||     1
 Armour: Animal skin       |     8 |     2 |       |       |       ||    10
         Ring mail         |       |     6 |       |       |       ||     6
         Chain mail        |       |     8 |    46 |    62 |       ||   116
         Plate armour      |       |       |       |    57 |    27 ||    84
  Dodge: Dodged            |    55 |    60 |   157 |   291 |    27 ||   590
  Block: Buckler           |       |       |    14 |    25 |       ||    39
         Kite shield       |       |       |       |   134 |    22 ||   156
